 Dungeon Crawl Stone Soup version 0.23-a0-417-gf02c810 (webtiles) character file.

340 Agosen the Chopper (level 6, -6/48 HPs)
             Began as a Demonspawn Berserker on Nov 10, 2018.
             Was a Believer of Trog.
             Killed by divine providence
             ... invoked by a smoke demon
              (14 damage)
             ... on level 1 of the Abyss.
             The game lasted 00:16:57 (4014 turns).

Agosen the Chopper (Demonspawn Berserker)           Turns: 4014, Time: 00:16:58

Health: -6/48      AC:  5    Str: 19    XL:     6   Next: 30%
Magic:  0/6        EV: 13    Int:  9    God:    Trog [**....]
Gold:   162        SH:  0    Dex: 12    Spells: 5/5 levels left

rFire    x . .     SeeInvis .   (no weapon)
rCold    + . .     Gourm    .   (no shield)
rNeg     . . .     Faith    +   b - +0 animal skin
rPois    .         Spirit   +   (helmet restricted)
rElec    .         Reflect  .   (no cloak)
rCorr    .         Harm     .   (no gloves)
MR       .....                  r - +2 pair of boots
Stlth    +.........             q - amulet of faith
HPRegen  0.16/turn              p - ring of ice
MPRegen  0.20/turn              (no ring)

@: no status effects
A: antennae 1, magic shield, magic regeneration
a: Berserk, Trog's Hand, Renounce Religion


You were on level 1 of the Abyss.
You worshipped Trog.
Trog was pleased with you.
You were near starving.

You visited 1 branch of the dungeon, and saw 3 of its levels.
You visited the Abyss 1 time.

You collected 162 gold pieces.

Inventory:

Hand Weapons
 a - a +0 hand axe
 i - a +1 hand axe of electrocution
 j - a +1 dagger of distortion
 m - a +0 quarterstaff of protection
 s - a +1 dagger of venom
 w - a +0 whip
 x - a +2 whip of distortion
 z - a +3 whip of chaos
 A - a +2 dagger of distortion
Armour
 b - a +0 animal skin (worn)
 r - a +2 pair of boots (worn)
Jewellery
 p - a ring of ice (left hand)
 q - an amulet of faith (around neck)
Wands
 t - a wand of polymorph (11)
 B - a wand of paralysis (10)
Scrolls
 d - 4 scrolls of identify
 f - a scroll of blinking
 o - a scroll of magic mapping
 v - a scroll of amnesia
 y - a scroll of enchant armour {unknown}
 E - a scroll of teleportation
Potions
 e - a potion of mutation {unknown}
 g - a potion of magic {unknown}
 h - 2 potions of haste
 k - 2 potions of curing
 l - a potion of invisibility {unknown}
 n - a potion of heal wounds {unknown}
 u - a potion of ambrosia {unknown}
 C - a potion of flight {unknown}
 D - a potion of degeneration {unknown}
Comestibles
 c - 3 rations


   Skills:
 + Level 4.0 Fighting
 + Level 4.6 Axes
 * Level 3.1 Armour
 + Level 2.9 Dodging
 + Level 0.9 Unarmed Combat


You had 5 spell levels left.
You didn't know any spells.
Your spell library was empty.

Dungeon Overview and Level Annotations

Branches:
Dungeon (3/15)

Altars:
Nemelex Xobeh
Ru


Innate Abilities, Weirdness & Mutations

You have a pair of small antennae on your head.
When hurt, damage is shared between your health and your magic reserves.
You regenerate magic rapidly.


Message History

The smoke demon closely misses you. The smoke demon hits you.
The sky beast flickers out of sight!
Deactivating autopickup; reactivate with Ctrl-A.
A sky beast appears from thin air!
Reactivating autopickup.
The smoke demon gestures at you. Something smites you!
The smoke demon gestures at you. The sticky flame misses you.
Found a cloak.
The sky beast flickers out of sight!
Deactivating autopickup; reactivate with Ctrl-A.
The smoke demon gestures at you.
The ball of steam hits something.
The ball of steam hits you! The steam scalds you terribly!
Ouch! That really hurt!
* * * LOW HITPOINT WARNING * * *
The smoke demon gestures at you. Something smites you!
You die...

. #. ## # # ##
.###.. . #######
.##..... #... ..#
..#...# ... #
###..#.# #''' #
.# #.....#
.....## ####
#.#@..####. .#...
# ....
#.#.##....# #.#.
## #.#[#.....#.##
.#....
##.#..##....#....
....§....
##...§.#..# ## #.
#
...#{{..3§.##...#
...#....3§..#.##
...#
##.##....#.....#
### ## #.##
#..####


You could see a smoke demon.

Vanquished Creatures
  The ghost of NorthaanB the Slasher, an amateur DsCK of Xom (D:3)
  2 big kobolds (D:3)
  Terence (D:3)
  3 adders
  An ooze (D:3)
  A worm (D:2)
  2 dart slugs (D:2)
  3 giant cockroaches (D:1)
  9 hobgoblins
  A quokka (D:3)
  9 bats
  4 frilled lizards
  8 goblins
  14 kobolds
  7 rats
66 creatures vanquished.

Vanquished Creatures (others)
  2 fungi (D:3)
  2 plants (D:3)
4 creatures vanquished.

Grand Total: 70 creatures vanquished

Notes
Turn   | Place    | Note
-------+----------+-------------------------------------------
     0 | D:1      | Agosen the Demonspawn Berserker began the quest for the
                  | Orb.
     0 | D:1      | Reached XP level 1. HP: 18/18 MP: 1/1
   263 | D:1      | Gained mutation: When hurt, damage is shared between your
                  | health and your magic reserves. [demonic ancestry]
   263 | D:1      | Reached XP level 2. HP: 23/24 MP: 2/2
  1278 | D:2      | Gained mutation: You regenerate magic rapidly. [demonic
                  | ancestry]
  1278 | D:2      | Reached XP level 3. HP: 19/29 MP: 1/3
  1737 | D:2      | Reached ** piety under Trog
  2054 | D:2      | Found a sacrificial altar of Ru.
  2465 | D:3      | Found a runed gate.
  2466 | D:3      | Noticed a big kobold
  2466 | D:3      | Noticed a big kobold
  2524 | D:3      | Found a sparkling altar of Nemelex Xobeh.
  2540 | D:3      | Gained mutation: You have a pair of small antennae on your
                  | head. [demonic ancestry]
  2540 | D:3      | Reached XP level 4. HP: 33/35 MP: 2/4
  2714 | D:3      | Noticed Terence
  2732 | D:3      | Killed Terence
  3204 | D:3      | Found a runed gate.
  3204 | D:3      | Found a runed gate.
  3205 | D:3      | Noticed NorthaanB's ghost (amateur DsCK)
  3663 | D:3      | Killed a big kobold
  3663 | D:3      | Reached XP level 5. HP: 42/42 MP: 5/5
  3770 | D:3      | Killed NorthaanB's ghost
  3770 | D:3      | Reached XP level 6. HP: 18/48 MP: 3/6
  3818 | D:3      | Cast into level 1 of the Abyss (a distortion unwield)
  3958 | Abyss:1  | Noticed a smoke demon
  3978 | Abyss:1  | Noticed a sky beast
  4014 | Abyss:1  | Killed from afar by a smoke demon

Vault maps used:
D:1:      tarquinn_simple_flora_water_b, kennysheep_doodads
D:2:      old_standard_altar
D:3:      gammafunk_ghost_nasty_kobolds, nemelex_xobeh_ov_fountains_minmay,
          uniq_terence

Skill      XL: |  1  2  3  4  5 |
---------------+----------------+-----
Dodging        | 2 |  2.9
Axes           | 3 4 |  4.6
Armour         | 2 3 |  3.1
Fighting       | 4 |  4.0
Unarmed Combat | |  0.9

Action                   |  1- 3 |  4- 6 || total
-------------------------+-------+-------++-------
Melee: Hand axe          |   124 |    35 ||   159
       Unarmed           |       |    20 ||    20
Invok: Berserk           |       |     2 ||     2
       Trog's Hand       |       |     1 ||     1
  Use: Scroll            |       |     8 ||     8
       Potion            |       |     2 ||     2
 Stab: Confused          |       |     1 ||     1
  Eat: Ration            |     2 |     1 ||     3
Armor: Animal skin       |    42 |    17 ||    59
       Skin              |       |     3 ||     3
Dodge: Dodged            |    98 |    58 ||   156

Table legend:
 A = Non-vault XP
 B = Vault XP
 C = Vault XP percentage of total XP
 D = Non-vault monster count
 E = Vault monster count
 F = Vault count percentage of total count
                 A         B        C        D         E       F
            +---------+---------+-------+---------+---------+-------
      Total |     127 |     359 |  73.9 |      53 |      13 |  19.7
            +---------+---------+-------+---------+---------+-------
        D:1 |      35 |       0 |   0.0 |      25 |       0 |   0.0
        D:2 |      56 |       0 |   0.0 |      16 |       0 |   0.0
        D:3 |      36 |     359 |  90.9 |      12 |      13 |  52.0
            +---------+---------+-------+---------+---------+-------
